 Dungeon Crawl Stone Soup version 0.17.1-3-g152610e (webtiles) character file.

179 Turin the Skirmisher (level 5, -1/58 HPs)
             Began as an Ogre Berserker on Mar 20, 2016.
             Was a Believer of Trog.
             Killed from afar by an orc wizard (11 damage)
             ... with a puff of flame
             ... on level 3 of the Dungeon.
             The game lasted 00:38:05 (2851 turns).

Turin the Skirmisher (Ogre Berserker)               Turns: 2851, Time: 00:38:05

Health: -1/58      AC:  4    Str: 23    XL:     5   Next: 59%
Magic:  5/5        EV: 11    Int:  6    God:    Trog [**....]
Gold:   146        SH:  0    Dex:  9    Spells: 0 memorised, 4 levels left

rFire  . . .     SeeInvis .     D - +0 flail
rCold  . . .     Clarity  .     B - +0 robe
rNeg   . . .     SustAt   .     (no shield)
rPois  .         Gourm    .     (helmet restricted)
rElec  .         Spirit   .     w - +0 cloak
rCorr  .         Warding  .     (gloves unavailable)
rMut   .         Stasis   .     (boots unavailable)
MR     .....                    (no amulet)
Stlth  +.........               (no ring)
                                (no ring)

@: confused, not resistant to hostile enchantments, very unstealthy
A: unfitting armour, tough skin 1
a: Berserk, Trog's Hand, Burn Spellbooks, Renounce Religion


You were on level 3 of the Dungeon.
You worshipped Trog.
Trog was pleased with you.
You were not hungry.

You visited 2 branches of the dungeon, and saw 5 of its levels.

You collected 146 gold pieces.

Inventory:

Hand Weapons
 d - a +0 mace
 g - a +0 whip
 n - a +0 dagger
 o - a +0 dagger
 q - a +0 dagger
 r - a +0 club
 y - a +0 hand axe of flaming
 z - a +0 hand axe
 A - a cursed +0 whip
 C - a +1 dagger of protection
 D - a +0 flail (weapon)
 E - a +0 giant club
Missiles
 i - 54 stones (quivered)
 s - 27 sling bullets
Armour
 b - a +0 animal skin
 w - a +0 cloak (worn)
 B - a +0 robe (worn)
 F - a +0 leather armour
Scrolls
 e - a scroll of identify {unknown}
 m - a scroll of blinking {unknown}
 t - a scroll of remove curse {unknown}
 v - 4 scrolls of fog {unknown}
 G - a scroll of fear {unknown}
Potions
 a - 2 potions of heal wounds {unknown}
 f - 2 potions of agility {unknown}
 j - a potion of flight {unknown}
 k - 2 potions of lignification {unknown}
 u - a potion of might {unknown}
 x - a potion of curing {unknown}
Comestibles
 c - 3 bread rations
 h - 2 fruits
 l - a royal jelly
 p - 2 beef jerkies


   Skills:
 - Level 5.6 Fighting
 - Level 4.1 Maces & Flails
 + Level 0.2 Throwing
 + Level 4.5 Dodging
 + Level 0.6 Stealth


You had 4 spell levels left.
You didn't know any spells.

Dungeon Overview and Level Annotations

Branches:
Dungeon (4/15)             Temple (1/1) D:4

Altars:
Ashenzari
Dithmenos
Kikubaaqudgha
Makhleb
Okawaru
Qazlal
Sif Muna
Trog
Xom
Zin
Lugonu


Innate Abilities, Weirdness & Mutations

You are too large for most types of armour.
You have tough skin (AC +1).


Message History

The floor.
There is a strange disturbance nearby!
Something hits you but does no damage.
Things that are here:
a flail; an orc corpse You see here a hand axe.
You start resting.
Something hits you but does no damage.
There isn't anything here!
Press: ? - help, v - describe, . - travel The floor.
There is a strange disturbance nearby!
Something hits you.
* * * LOW HITPOINT WARNING * * *
Something hits you.
* * * LOW HITPOINT WARNING * * *
You hear some strange, mumbled words.
You are confused.
A puff of flame appears from out of thin air!
The puff of flame hits you!
You die...

########## ##########
#........# #.{..@...#
#.######.# #.######.#
#.# #.# #..)).##.#
#.######.#
..........#....#
#.##.....#
.##.###.##.##..#
#§##.###.#
#.#.⌠.#..####§## #...
#.##.##...##§§§#.##.#.
##..#..##§#§#§#§#.....
....# #§§§.§§§§.####


There were no monsters in sight!

Vanquished Creatures
  An ogre (D:4)
  An orc priest (D:3)
  An ooze (D:1)
  2 worms
  6 giant geckos
  5 orcs (D:3)
  6 bats
  6 goblins
  6 hobgoblins
  4 kobolds
  6 giant newts
  3 jackals (D:3)
  A quokka (D:3)
  6 rats
54 creatures vanquished.

Notes
Turn   | Place    | Note
--------------------------------------------------------------
     0 | D:1      | Turin the Ogre Berserker began the quest for the Orb.
     0 | D:1      | Reached XP level 1. HP: 24/24 MP: 1/1
   408 | D:1      | Reached XP level 2. HP: 22/32 MP: 2/2
  1023 | D:1      | Reached XP level 3. HP: 27/40 MP: 3/3
  1495 | D:2      | Found a faded altar to an unknown god.
  1667 | D:3      | Reached ** piety under Trog
  1968 | D:3      | Found an iron altar of Okawaru.
  2125 | D:3      | Found a bloodstained altar of Trog.
  2237 | D:4      | Found a staircase to the Ecumenical Temple.
  2246 | D:4      | Reached skill level 5 in Fighting
  2295 | Temple   | Entered the Ecumenical Temple
  2382 | D:4      | Noticed an ogre
  2389 | D:4      | Killed an ogre
  2389 | D:4      | Reached XP level 4. HP: 28/50 MP: 4/4
  2389 | D:4      | Reached XP level 5. HP: 31/57 MP: 5/5
  2700 | D:3      | Found a shadowy altar of Dithmenos.
  2851 | D:3      | Killed from afar by an orc wizard

Action                   |  1- 3 |  4- 6 || total
-------------------------+-------+-------++-------
Melee: Mace              |   108 |       ||   108
       Flail             |     3 |    34 ||    37
Throw: Stone             |       |     1 ||     1
  Eat: Fruit             |     2 |       ||     2
       Meat ration       |     1 |       ||     1
